 Dungeon Crawl Stone Soup version 0.29.1-12-g30fa7ad0bf (webtiles) character file.

Game seed: 2059713280703885833

192 hawla the Firebug (level 6, -4/35 (45) HPs)
             Began as a Meteoran Fire Elementalist on Jan 13, 2023.
             Slain by a necrophage (5 damage)
             ... on level 4 of the Dungeon.
             The game lasted 00:05:08 (860 turns).

hawla the Firebug (Meteoran Fire Elementalist)       Turns: 860, Time: 00:05:08

HP:   -4/35 (45)    AC:  2    Str: 10    XL:     6   Next: 23%
MP:   3/12          EV: 13    Int: 18    God:
Gold: 72            SH:  0    Dex: 15    Spells: 5/12 levels left

rFire   . . .      SeeInvis .   (no weapon)
rCold   . . .      Faith    .   (no shield)
rNeg    . . .      Spirit   .   a - +0 robe
rPois   .          Reflect  .   (no helmet)
rElec   .          Harm     .   (no cloak)
rCorr   .          Rampage  .   (no gloves)
Will    .....                   (no boots)
Stlth   +.........              (no amulet)
HPRegen 0.11/turn               (no ring)
MPRegen 0.13/turn               (no ring)

@: glowing, heavily drained
A: sense surroundings 1, otherworldly, glowing, explore regen
a: no special abilities


You were on level 4 of the Dungeon.
You visited 1 branch of the dungeon, and saw 4 of its levels.

You collected 72 gold pieces.

Inventory:

Armour
 a - a +0 robe (worn)
Jewellery
 f - an amulet of guardian spirit
Potions
 b - a potion of magic
 c - a potion of cancellation
 h - 2 potions of mutation {unknown}
 i - 2 potions of degeneration {unknown}
 j - a potion of haste
 l - a potion of flight


   Skills:
 + Level 0.1 Fighting
 + Level 3.1 Dodging
 - Level 1.4 Stealth
 + Level 3.8 Spellcasting
 + Level 4.5 Conjurations
 + Level 4.7 Fire Magic


You had 5 spell levels left.
You knew the following spells:

 Your Spells              Type           Power      Damage    Failure   Level
a - Foxfire               Conj/Fire      80%        2x1d8     2%          1
b - Scorch                Fire           40%        2d7       3%          2
c - Flame Wave            Conj/Fire      20%        2d7       22%         4

Your spell library contained the following spells:

 Spells                   Type           Power      Damage    Failure   Level
 Conjure Flame            Conj/Fire      20%        6-21      7%          3
 Apportation              Tloc           6%         N/A       16%         1
 Inner Flame              Hex/Fire       12%        N/A       17%         3
 Ignite Poison            Fire/Tmut/Pois 9%         N/A       24%         3
 Mephitic Cloud           Conj/Pois/Air  9%         N/A       24%         3
 Freezing Cloud           Conj/Ice/Air   4%         6-21      91%         5
 Alistair's Intoxication  Tmut/Pois      2%         N/A       99%         5


Dungeon Overview and Level Annotations

Branches:
Dungeon (4/15) Zot: 1539
 Temple: D:4-7

Altars:
Fedhas


Innate Abilities, Weirdness & Mutations

You passively map a small area around you.
You are easily found by Zot.
You glow in the dark.
You regain HP and MP as you explore.


Message History

The necrophage hits you.
You feel drained.
A wave of flame ripples out!
The flame wave engulfs the necrophage.
The necrophage is heavily damaged.
The flame wave engulfs the adder!
The adder is severely wounded.
The flame wave engulfs the gnoll!
The gnoll is severely wounded.
The adder closely misses you.
The gnoll hits you from afar with a +0 spear!
The necrophage hits you.
You feel drained.
A wave of flame ripples out!
The flame wave engulfs the necrophage.
The necrophage is heavily damaged.
The flame wave engulfs the adder.
You kill the adder!
The flame wave engulfs the ball python!
You kill the ball python!
The flame wave engulfs the gnoll.
You kill the gnoll!
You finish channelling waves of flame.
The necrophage hits you.
* * * LOW HITPOINT WARNING * * *
You feel drained.
Unknown command.
Casting: Flame Wave (quite dangerous; 22% risk of failure)
Confirm with . or Enter, or press ? or * to list all spells.
Flames lash the necrophage.
The necrophage is severely damaged.
The necrophage's fire resistance burns away.
The necrophage hits you.
* * * LOW HITPOINT WARNING * * *
You feel drained.
Casting: Scorch (safe; 3% risk of failure)
Confirm with . or Enter, or press ? or * to list all spells.
Flames lash the gnoll but do no damage.
The necrophage hits you.
* * * LOW HITPOINT WARNING * * *
You feel drained.
Unknown command.
You aren't carrying any scrolls.
It was a potion of cancellation.
You feel magically purged. The necrophage hits you.
You die...

#####....###
###..).##
##g..<.†g#*
#####
###..###.#..#
.....#*
##..g## .#*..
......#*
#..### .# .
.......
###g## *,. ,
=).....##...#
** , .
.......@.g###
* *
....>.n####
** , .......
* .......
....... * , ,
....... , *
....... , , *
...$... * **


You could see a necrophage (combustible) and 2 gnolls.

Vanquished Creatures
  A howler monkey (D:4)
  A hound (D:4)
  Jessica (D:2)
  2 gnolls (D:4)
  4 adders
  A worm (D:3)
  A dart slug (D:3)
  4 orcs
  An endoplasm (D:3)
  2 giant cockroaches
  2 hobgoblins
  7 ball pythons
  3 bats (D:1)
  3 frilled lizards
  4 goblins
  A kobold (D:3)
  2 rats
40 creatures vanquished.

Vanquished Creatures (others)
  66 foxfires
66 creatures vanquished.

Grand Total: 106 creatures vanquished

Notes
Turn   | Place    | Note
-------+----------+-------------------------------------------
     0 | D:1      | hawla the Meteoran Fire Elementalist began the quest for
                  | the Orb.
     0 | D:1      | Reached XP level 1. HP: 14/14 MP: 5/5
    94 | D:1      | Reached XP level 2. HP: 15/20 MP: 3/6
   231 | D:2      | Noticed Jessica
   234 | D:2      | Killed Jessica
   235 | D:2      | Reached XP level 3. HP: 26/26 MP: 3/8
   238 | D:2      | Learned a level 2 spell: Scorch
   295 | D:3      | Reached XP level 4. HP: 27/33 MP: 0/10
   300 | D:3      | Learned a level 4 spell: Flame Wave
   383 | D:3      | Found a blossoming altar of Fedhas.
   621 | D:3      | Reached XP level 5. HP: 23/38 MP: 2/11
   835 | D:4      | Reached XP level 6. HP: 45/45 MP: 8/12
   859 | D:4      | HP: 1/37 [necrophage (6)]
   860 | D:4      | Slain by a necrophage

Illustrated notes

Levels and vault maps discovered:
D:1:      dpeg_arrival_signposts, layout_loops_ring,
          hellmonk_ecumenical_altar_leap_of_faith, minmay_misc_feat_alley,
          grunt_decor_one_mirror
D:2:      layout_basic, serial_shops, nicolae_shop_stone, uniq_terence,
          uniq_jessica
D:3:      minmay_angry_zag, layout_loops_ring, nicolae_overflow_hidden_temple,
          grunt_decor_arrowhead, grunt_decor_fettered
D:4:      layout_rooms, makhleb_heckhound_becter

Skill      XL: |  1  2  3  4  5 |
---------------+----------------+-----
Fire Magic     | 4 |  4.7
Dodging        | 3 |  3.1
Spellcasting   | 3 |  3.8
Conjurations   | 3 4 |  4.5
Fighting       | |  0.1
Stealth        | |  1.4

Action                   |  1- 3 |  4- 6 || total
-------------------------+-------+-------++-------
Melee: Unarmed           |     7 |     5 ||    12
       Punch             |     1 |       ||     1
 Cast: Foxfire           |    19 |    24 ||    43
       Scorch            |     4 |    19 ||    23
       Flame Wave        |       |     1 ||     1
  Use: Scroll            |       |     5 ||     5
       Potion            |       |     1 ||     1
Armor: Robe              |     2 |     2 ||     4
Dodge: Dodged            |     6 |    13 ||    19
